 Dungeon Sprint DCSS version 0.19.1 (webtiles) character file.

2653 equalderp2856 the Ripper (level 9, -10/45 HPs)
             Began as a Felid Fighter on Nov 27, 2016.
             Was a Believer of Nemelex Xobeh.
             Mangled by an eight-headed hydra (15 damage)
             ... in the Dungeon (Sprint IX: "|||||||||||||||||||||||||||||").
             The game lasted 00:05:31 (1597 turns).

equalderp2856 the Ripper (Felid Fighter)            Turns: 1597, Time: 00:05:32

Health: -10/45     AC:  2    Str: 13    XL:     9   Next: 36%
Magic:  12/12      EV: 27    Int: 11    God:    Nemelex Xobeh [**....]
Gold:   15         SH:  0    Dex: 16    Spells: 0 memorised, 8 levels left
                                        Lives:  0   Deaths: 2

rFire  . . .     SeeInvis +       - Unarmed
rCold  . . .     Gourm    .     (armour unavailable)
rNeg   . . .     Faith    .     (shield unavailable)
rPois  .         Spirit   .     (helmet unavailable)
rElec  .         Reflect  .     (cloak unavailable)
rCorr  .         Harm     .     (gloves unavailable)
MR     +....     NoTele   +     (boots unavailable)
Stlth  +++++.....               (no amulet)
                                (no ring)
                                (no ring)

@: quick
A: no armour, no weapons or thrown items, stealth, claws 1, fangs 3, see
invisible, carnivore 3, speed 1, shaggy fur 2, slow metabolism 1, sharp paws
a: Renounce Religion


You were in the Dungeon.
You worshipped Nemelex Xobeh.
Nemelex Xobeh was pleased with you.
You were not hungry.

You visited 1 branch You collected 15 gold pieces.

Inventory:

Jewellery
 n - a +2 ring of protection
 o - a +3 ring of dexterity
Wands
 m - a wand of acid (7/15)
 p - a wand of iceblast (8/15)
Scrolls
 h - 2 scrolls of blinking
 k - 3 scrolls of remove curse
 l - 2 scrolls of amnesia
 r - a scroll of fear
 s - 3 scrolls of identify
 t - a scroll of fog
Potions
 a - 4 potions of might
 c - 6 potions of curing
 e - a potion of haste
 f - 4 potions of magic
 g - a potion of berserk rage
 i - a potion of invisibility
 j - a potion of heal wounds
 q - a potion of resistance
Comestibles
 b - a meat ration


   Skills:
 + Level 9.3 Fighting
 + Level 11.2 Dodging
 + Level 11.5 Stealth
 + Level 17.4 Unarmed Combat
 + Level 3.4 Invocations


You had 8 spell levels left.
You didn't know any spells.

Dungeon Overview and Level Annotations

Branches:
Dungeon (1/1)

Altars:
Cheibriados
Dithmenos
Elyvilon
Fedhas
Gozag
Hepliaklqana
Kikubaaqudgha
Makhleb
Nemelex Xobeh
Okawaru
Qazlal
Ru
Sif Muna
Trog
Uskayaw
Vehumet
Xom
Yredelemnul
Zin
The Shining One
Beogh
Jiyva
Lugonu


Innate Abilities, Weirdness & Mutations

You cannot wear armour.
You are incapable of wielding weapons or throwing items.
Your paws allow you to move quietly. (Stealth)
You have sharp claws.
You have razor-sharp teeth.
You have supernaturally acute eyesight. (SInv)
You are carnivorous and can eat meat at any time.
You cover ground quickly.
You are covered in thick fur. (AC +2)
You have a slow metabolism.
Your sharp claws are effective at attacking unaware monsters.


Message History

The komodo dragon is severely wounded.
The komodo dragon misses you.
A fire crab comes into view.
You scratch the komodo dragon.
The komodo dragon is severely wounded.
You claw the komodo dragon!
The komodo dragon is almost dead.
The komodo dragon bites you!
You mangle the komodo dragon!!
You kill the komodo dragon!
You mangle the eight-headed hydra!!
The eight-headed hydra is heavily wounded.
The eight-headed hydra completely misses you.
The eight-headed hydra bites you!
The eight-headed hydra completely misses you.
The eight-headed hydra bites you! x2
* * * LOW HITPOINT WARNING * * *
The eight-headed hydra bites you!
You die...
Your body glows with a rainbow of weird colours and disappears.

▓▓▓▓▓▓▓▓▓▓▓▓▓▓▓▓▓▓▓▓▓▓▓▓▓▓▓▓▓▓▓▓▓
..'_______________________.'..|)[
▓▓▓▓▓▓▓▓▓▓▓▓▓▓▓▓▓▓▓▓▓▓▓▓▓▓▓▓▓▓▓▓▓
.................................
▓▓▓▓▓▓▓▓▓▓▓▓▓▓▓▓▓▓▓▓▓▓▓▓▓▓▓▓▓▓▓▓▓
÷....÷.÷........@DHFt.rt
▓▓▓▓▓▓▓▓▓▓▓▓▓▓▓▓▓▓▓▓▓▓▓▓


You could see an eight-headed hydra, a fire crab, a hippogriff, a spiny frog, a
crocodile and a porcupine.

Vanquished Creatures
  A centaur warrior (D)
  An unseen horror (D)
  An ugly thing (D)
  A cyclops (D)
  3 komodo dragons (D)
  A hornet (D)
  A hippogriff (D)
  A fire bat (D)
  4 water moccasins (D)
  An orc warrior (D)
  An ogre (D)
  2 crocodiles (D)
  A howler monkey (D)
  2 hounds (D)
  2 worker ants (D)
  An ooze (D)
  A dart slug (D)
  An orc (D)
  A bat zombie (D)
  A hobgoblin (D)
  2 jackal zombies (D)
  A kobold (D)
  A rat (D)
32 creatures vanquished.

Vanquished Creatures (others)
  A ball lightning (D)
1 creature vanquished.

Grand Total: 33 creatures vanquished

Notes
Turn   | Place    | Note
-------+----------+-------------------------------------------
     0 | D        | equalderp2856 the Felid Fighter began the quest for the Orb.
     0 | D        | Reached XP level 1. HP: 10/10 MP: 2/2
     9 | D        | Reached skill level 5 in Unarmed Combat
    16 | D        | Reached XP level 2. HP: 8/14 MP: 3/3
   143 | D        | Noticed a howler monkey
   143 | D        | Noticed an ogre
   153 | D        | Reached skill level 5 in Dodging
   153 | D        | Reached skill level 1 in Stealth
   153 | D        | Reached skill level 6 in Unarmed Combat
   153 | D        | Reached XP level 3. HP: 6/18 MP: 4/4
   160 | D        | Reached skill level 7 in Unarmed Combat
   160 | D        | Reached XP level 4. HP: 5/22 MP: 5/5
   170 | D        | Killed an ogre
   170 | D        | Reached skill level 5 in Fighting
   170 | D        | Reached skill level 9 in Unarmed Combat
   170 | D        | Reached XP level 5. HP: 26/26 MP: 6/6
   307 | D        | Found a roughly hewn altar of Beogh.
   307 | D        | Found a snail-covered altar of Cheibriados.
   307 | D        | Found a shadowy altar of Dithmenos.
   307 | D        | Found a white marble altar of Elyvilon.
   307 | D        | Found a blossoming altar of Fedhas.
   307 | D        | Found an opulent altar of Gozag.
   308 | D        | Found a hazy altar of Hepliaklqana.
   309 | D        | Found a viscous altar of Jiyva.
   310 | D        | Found an ancient bone altar of Kikubaaqudgha.
   311 | D        | Found a corrupted altar of Lugonu.
   312 | D        | Found a burning altar of Makhleb.
   313 | D        | Found a sparkling altar of Nemelex Xobeh.
   314 | D        | Found an iron altar of Okawaru.
   315 | D        | Found a stormy altar of Qazlal.
   316 | D        | Found a sacrificial altar of Ru.
   317 | D        | Found a deep blue altar of Sif Muna.
   318 | D        | Found a bloodstained altar of Trog.
   319 | D        | Found a hide-covered altar of Uskayaw.
   320 | D        | Found a radiant altar of Vehumet.
   321 | D        | Found a shimmering altar of Xom.
   325 | D        | Became a worshipper of Nemelex Xobeh the Trickster
   327 | D        | Found a basalt altar of Yredelemnul.
   328 | D        | Found a glowing silver altar of Zin.
   329 | D        | Found a glowing golden altar of the Shining One.
   330 | D        | Received a gift from Nemelex Xobeh
   359 | D        | Noticed an unseen horror
   359 | D        | Noticed a hornet
   359 | D        | Noticed an orc warrior
   361 | D        | Killed an unseen horror
   361 | D        | Reached skill level 12 in Unarmed Combat
   361 | D        | Gained mutation: You are covered in thick fur. (AC +2) [Felid growth]
   361 | D        | Reached XP level 6. HP: 33/33 MP: 7/7
   361 | D        | Reached XP level 7. HP: 36/36 MP: 8/8
   373 | D        | Paralysed by a hornet for 3 turns
   374 | D        | Slain by a hornet
   375 | D        | Reached XP level 6. HP: -2/33 MP: 7/7
   375 | D        | Received a gift from Nemelex Xobeh
   375 | D        | Reached * piety under Nemelex Xobeh
   416 | D        | Noticed a hill giant
   416 | D        | Noticed a cyclops
   416 | D        | Noticed a purple ugly thing
   416 | D        | Noticed a centaur warrior
   421 | D        | Killed a centaur warrior
   421 | D        | Reached skill level 14 in Unarmed Combat
   421 | D        | Reached XP level 7. HP: 37/37 MP: 8/8
   434 | D        | Killed a purple ugly thing
   434 | D        | Reached skill level 10 in Dodging
   434 | D        | Reached XP level 8. HP: 19/42 MP: 9/9
   487 | D        | Reached ** piety under Nemelex Xobeh
   666 | D        | Noticed a shining eye
   666 | D        | a hill giant changed into a shining eye
   668 | D        | Noticed an air elemental
   669 | D        | a shining eye changed into a fire bat
   669 | D        | Reached skill level 15 in Unarmed Combat
   734 | D        | Killed a cyclops
   734 | D        | Reached skill level 1 in Invocations
   802 | D        | Reached skill level 10 in Stealth
   802 | D        | Reached XP level 9. HP: 45/45 MP: 9/11
   814 | D        | Slain by a hornet
   815 | D        | Reached XP level 8. HP: 0/42 MP: 10/10
   952 | D        | Killed a hornet
   952 | D        | Reached skill level 16 in Unarmed Combat
  1224 | D        | Noticed a hippogriff
  1224 | D        | Noticed a komodo dragon
  1246 | D        | Killed a hippogriff
  1258 | D        | Killed a komodo dragon
  1258 | D        | Reached XP level 9. HP: 20/45 MP: 11/11
  1330 | D        | Noticed a komodo dragon
  1502 | D        | Killed a komodo dragon
  1502 | D        | Reached skill level 17 in Unarmed Combat
  1588 | D        | Noticed a komodo dragon
  1588 | D        | Noticed an eight-headed hydra
  1588 | D        | Noticed a spiny frog
  1594 | D        | Noticed a fire crab
  1596 | D        | Killed a komodo dragon
  1597 | D        | Mangled by an eight-headed hydra

Skill      XL: |  1  2  3  4  5  6  7  8  9 |
---------------+----------------------------+-----
Unarmed Combat | 5 6 7 9 12 14 16 17 | 17.4
Fighting       | 4 5 7 8 9 |  9.3
Dodging        | 5 6 9 10 11 | 11.2
Stealth        | 1 2 3 6 8 9 11 | 11.5
Invocations    | 2 3 |  3.4

Action                   |  1- 3 |  4- 6 |  7- 9 || total
-------------------------+-------+-------+-------++-------
Melee: Unarmed           |    25 |    17 |    84 ||   126
       Bite              |     3 |     2 |    11 ||    16
       Punch             |       |     2 |     4 ||     6
Evoke: Deck              |       |       |    12 ||    12
  Use: Potion            |       |     1 |     3 ||     4
 Stab: Sleeping          |     3 |     2 |     1 ||     6
       Distracted        |       |     1 |       ||     1
Dodge: Dodged            |    13 |    11 |    61 ||    85
